 Dungeon Crawl Stone Soup version 0.30-a0-335-ge5acde7520 (webtiles) character file.

Game seed: 3196774339414898109

556 koil the Trooper (level 7, -6/74 HPs)
             Began as an Ogre Cinder Acolyte on Oct 31, 2022.
             Was a High Priest of Ignis.
             Mangled by an orc warrior
             ... wielding a +0 flail of holy wrath
              (12 damage)
             ... on level 4 of the Dungeon.
             The game lasted 00:12:01 (4992 turns).

koil the Trooper (Ogre Cinder Acolyte)              Turns: 4992, Time: 00:12:01

Health: -6/74      AC:  3    Str: 19    XL:     7   Next: 30%
Magic:  8/12       EV:  9    Int: 17    God:    Ignis [*****.]
Gold:   272        SH:  0    Dex:  4    Spells: 11/13 levels left

rFire   + . .      SeeInvis .    a - -1 hand axe (flame)
rCold   . . .      Faith    .    (no shield)
rNeg    . . .      Spirit   .    b - +0 robe
rPois   .          Reflect  .    (helmet restricted)
rElec   .          Harm     .    (no cloak)
rCorr   .          Rampage  .    (gloves unavailable)
Will    .....                    (boots unavailable)
Stlth   +.........               (no amulet)
HPRegen 0.32/turn                (no ring)
MPRegen 0.13/turn                (no ring)

@: no status effects
A: large, unfitting armour, tough skin 1
a: Renounce Religion, Fiery Armour, Foxfire Swarm, Rising Flame


You were on level 4 of the Dungeon.
You worshipped Ignis.
Ignis was extremely pleased with you.
You visited 1 branch of the dungeon, and saw 5 of its levels.

You collected 272 gold pieces.

Inventory:

Hand Weapons
 a - a -1 hand axe of flaming (weapon)
 d - a +2 whip of draining
 n - a +0 scythe
Missiles
 g - 15 poisoned darts
Armour
 b - a +0 robe (worn)
 o - a +0 robe
Jewellery
 q - a +4 ring of evasion
 s - an amulet of regeneration
 F - a ring of poison resistance
Wands
 E - a wand of paralysis (6)
Scrolls
 e - 3 scrolls of enchant weapon {unknown}
 h - a scroll of vulnerability {unknown}
 k - 5 scrolls of teleportation {unknown}
 m - a scroll of brand weapon {unknown}
 r - 2 scrolls of fear {unknown}
 t - a scroll of enchant armour {unknown}
 u - a scroll of blinking {unknown}
 w - 2 scrolls of torment {unknown}
 y - a scroll of poison {unknown}
 z - a scroll of noise {unknown}
 B - 5 scrolls of identify {unknown}
 C - a scroll of silence {unknown}
 H - a scroll of magic mapping {unknown}
Potions
 c - 2 potions of haste {unknown}
 f - 2 potions of attraction {unknown}
 i - a potion of mutation {unknown}
 j - 3 potions of heal wounds {unknown}
 l - 2 potions of resistance {unknown}
 p - a potion of curing {unknown}
 v - a potion of flight {unknown}
 x - a potion of degeneration {unknown}
 A - a potion of might {unknown}
 D - a potion of brilliance {unknown}
 G - a potion of magic {unknown}
 I - a potion of ambrosia {unknown}


   Skills:
 + Level 5.8 Fighting
 + Level 4.3 Axes
 + Level 2.5 Dodging
 + Level 3.5 Spellcasting
 + Level 4.5 Fire Magic


You had 11 spell levels left.
You knew the following spells:

 Your Spells              Type           Power      Damage    Failure   Level
a - Scorch                Fire           36%        2d6       3%          2

Your spell library contained the following spells:

 Spells                   Type           Power      Damage    Failure   Level


Dungeon Overview and Level Annotations

Branches:
Dungeon (5/15)             Temple (0/1) D:4

Altars:
Elyvilon
Gozag
Hepliaklqana

Shops:
D:3 =


Innate Abilities, Weirdness & Mutations

You are too large for most types of armour.
You have tough skin. (AC +1)


Message History

Casting: Scorch (safe; 4% risk of failure)
Confirm with . or Enter, or press ? or * to list all spells.
Flames lash the phantom.
You destroy the phantom!
You start resting.
Magic restored.
You start resting.
HP restored.
There is a stone staircase leading down, spattered with blood here.
You climb downwards.
The orc warrior hits you with a +0 flail of holy wrath.
The orc warrior hits you with a +0 flail of holy wrath!
There is a stone staircase leading up, spattered with blood here.
The phantom hits you!
The orc warrior hits you with a +0 flail of holy wrath!
You climb upwards.
There is a stone staircase leading down, spattered with blood here.
The orc warrior attacks as you move away!
The orc warrior hits you with a +0 flail of holy wrath!
The phantom hits you. The orc warrior barely misses you.
The orc warrior attacks as you move away!
The orc warrior hits you with a +0 flail of holy wrath!!
* * * LOW HITPOINT WARNING * * *
The phantom attacks as you move away!
The phantom hits you but does no damage.
You are too injured to fight recklessly!
Casting: Scorch (safe; 3% risk of failure)
Confirm with . or Enter, or press ? or * to list all spells.
Flames lash the orc warrior.
The orc warrior is lightly wounded.
The orc warrior's fire resistance burns away.
The orc warrior hits you with a +0 flail of holy wrath!
* * * LOW HITPOINT WARNING * * *
Casting: Scorch (safe; 3% risk of failure)
Confirm with . or Enter, or press ? or * to list all spells.
Flames lash the orc warrior.
The orc warrior is burned terribly!
The orc warrior is heavily wounded.
The orc warrior hits you with a +0 flail of holy wrath!
You die...

### ### ### #.####.# #<#
#......# #######.#
#.####.# #..>....#### #.#
#.#####.#####.##.. #.#
#@##........#.##.# #.#
#o##..#.###.#.##.#
#.####W......# #.#.##.#
#### #............#
#.#.##.# ...#
#.....###....###.#.##.#
##.#
###.#....#...>....#.##.#
.#.#
#...#..###...######.##..
##.#
###.#....#..........####
...#
#####.#....#....##.......#


You could see an orc warrior (combustible) and a phantom.

Vanquished Creatures
  Sigmund (D:2)
  An ogre (D:4)
  A phantom (D:4)
  3 gnolls (D:3)
  5 adders
  3 river rats (D:4)
  A shadow imp (D:4)
  A white imp (D:5)
  A worm (D:4)
  A dart slug (D:1)
  An orc (D:3)
  7 bats
  4 endoplasms
  5 giant cockroaches
  11 goblins
  8 hobgoblins
  8 jackals
  8 quokkas
  6 ball pythons
  7 frilled lizards
  8 kobolds
  9 rats
100 creatures vanquished.

Notes
Turn   | Place    | Note
-------+----------+-------------------------------------------
     0 | D:1      | koil the Ogre Cinder Acolyte began the quest for the Orb.
     0 | D:1      | Reached XP level 1. HP: 24/24 MP: 2/2
   138 | D:1      | Reached XP level 2. HP: 32/32 MP: 4/4
   146 | D:1      | Learned a level 2 spell: Scorch
   493 | D:1      | Reached XP level 3. HP: 39/40 MP: 0/5
  1201 | D:2      | Noticed Sigmund
  1270 | D:2      | Killed Sigmund
  1271 | D:2      | Reached skill level 5 in Fighting
  1271 | D:2      | Reached skill level 1 in Dodging
  1271 | D:2      | Reached XP level 4. HP: 38/50 MP: 1/7
  1271 | D:2      | Reached XP level 5. HP: 44/57 MP: 1/8
  1451 | D:2      | Reached XP level 6. HP: 60/66 MP: 4/10
  1549 | D:2      | Found an opulent altar of Gozag.
  1901 | D:2      | Found a faded altar of an unknown god.
  2651 | D:3      | Found a white marble altar of Elyvilon.
  3370 | D:3      | Found Tianih's Jewellery Shoppe.
  4015 | D:4      | Found a hazy altar of Hepliaklqana.
  4299 | D:4      | Found a staircase to the Ecumenical Temple.
  4403 | D:4      | Reached XP level 7. HP: 61/72 MP: 2/11
  4744 | D:5      | Entered Level 5 of the Dungeon
  4992 | D:4      | Mangled by an orc warrior

Illustrated notes

Levels and vault maps discovered:
D:1:      heliophobic_arrival_battle_scene, layout_basic
D:2:      layout_loops_ring, hellmonk_ecumenical_altar_heavens_door,
          serial_aquarium, aquarium_bridge_square [aquarium_subvault_balcony,
          aquarium_subvault_wall, aquarium_subvault_bridge,
          aquarium_subvault_wall], aquarium_window_1, aquarium_window_double,
          aquarium_view_2c, aquarium_view_2b, aquarium_balcony_3a, basic_altar,
          minmay_split_cup_small, uniq_sigmund
D:3:      layout_basic, lemuel_tele_altar, serial_shops, nicolae_shop_trees,
          grunt_ministairs_5, mrwooster_statue_mirror
D:4:      layout_basic, worldfamousw_hep_ancestral_shrine,
          minmay_temple_entry_poolview, lightli_sewer_entry_pipes
D:5:      layout_loops_cross, mainiacjoe_overflow_tiny_flanked, corexii_shack,
          minmay_shop_mayhem, minmay_manual_monstrance, uniq_prince_ribbit1

Skill      XL: |  1  2  3  4  5  6 |
---------------+-------------------+-----
Fire Magic     | 3 4 |  4.5
Fighting       | 5 |  5.8
Dodging        | 1 2 |  2.5
Spellcasting   | 2 3 |  3.5
Axes           | 4 |  4.3

Action                   |  1- 3 |  4- 6 |  7- 9 || total
-------------------------+-------+-------+-------++-------
Melee: Hand axe          |   129 |    90 |    29 ||   248
       Punch             |       |     1 |     1 ||     2
 Cast: Scorch            |    14 |    41 |    14 ||    69
Armor: Robe              |    53 |    21 |    12 ||    86
Dodge: Dodged            |    59 |    49 |    17 ||   125

Table legend: (Time is in decaauts)
 A = Elapsed time spent in this place.
 B = Non-inter-level travel time spent in this place.
 C = Inter-level travel time spent in this place.
 D = Time resting spent in this place.
 E = Time spent auto-exploring this place.
 F = Levels seen in this place.
 G = Mean time per level.
                   A        B        C        D        E       F      G
               +--------+--------+--------+--------+--------+-----+--------+
         Total |   5060 |   4936 |    124 |    198 |   3907 |   5 | 1012.0 |
       Dungeon |   5060 |   4936 |    124 |    198 |   3907 |   5 | 1012.0 |
               +--------+--------+--------+--------+--------+-----+--------+

Top non-repeatable levels by time:
     D:4: 1568 daAuts
     D:3: 1194 daAuts
     D:1: 1176 daAuts
     D:2: 1067 daAuts
     D:5: 54 daAuts
